 Dungeon Crawl Stone Soup version 0.22.0-38-g04b72b8 (webtiles) character file.

70546 poirepourri the Eclecticist (level 14, -8/77 HPs)
             Began as a Deep Elf Conjurer on Aug 25, 2018.
             Was a High Priest of Vehumet.
             Killed from afar by an orc sorcerer (23 damage)
             ... with a bolt of negative energy
             ... on level 2 of the Orcish Mines.
             The game lasted 00:52:00 (34426 turns).

poirepourri the Eclecticist (Deep Elf Conjurer)    Turns: 34426, Time: 00:52:01

Health: -8/77      AC:  9    Str:  8    XL:     14   Next: 94%
Magic:  1/48       EV: 16    Int: 26    God:    Vehumet [*****.]
Gold:   1030       SH:  6    Dex: 15    Spells: 30/51 levels left

rFire    . . .     SeeInvis .   e - +2 short sword (freeze)
rCold    . . .     Gourm    .   p - +1 buckler
rNeg     . . .     Faith    .   z - +2 robe
rPois    .         Spirit   .   (no helmet)
rElec    .         Reflect  .   d - +2 cloak {+Inv}
rCorr    .         Harm     .   O - +1 pair of gloves {Str+3}
MR       +....                  (no boots)
Stlth    +++.......             (no amulet)
HPRegen  0.22/turn              y - ring of magical power
MPRegen  0.31/turn              L - ring of wizardry

@: drained
A: frail 1
a: Renounce Religion, Evoke Invisibility


You were on level 2 of the Orcish Mines.
You worshipped Vehumet.
Vehumet was extremely pleased with you.
You were not hungry.

You visited 4 branches of the dungeon, and saw 21 of its levels.
You also visited: Sewer.

You collected 1882 gold pieces.
You spent 852 gold pieces at shops.

Inventory:

Hand Weapons
 e - a +2 short sword of freezing (weapon)
Missiles
 v - 26 tomahawks (quivered)
Armour
 b - +0 acid dragon scales
 d - a +2 cloak of invisibility (worn)
 p - a +1 buckler (worn)
 z - a +2 robe (worn)
 O - a +1 pair of gloves of strength (worn)
 P - a scarf of resistance
Jewellery
 f - an uncursed ring of protection from fire
 g - an uncursed ring of stealth
 j - an uncursed ring of resist corrosion
 l - an uncursed ring of protection from magic
 r - an uncursed ring of flight
 s - a +2 ring of evasion
 y - a ring of magical power (left hand)
 E - a +4 ring of dexterity
 I - an uncursed amulet of the gourmand {unknown}
 L - a ring of wizardry (right hand)
Wands
 u - a wand of random effects (29)
 x - a wand of digging (29)
 B - a wand of flame (22)
Scrolls
 k - 11 scrolls of remove curse
 w - a scroll of teleportation
 C - 2 scrolls of amnesia
 G - a scroll of fear
 K - 3 scrolls of magic mapping
Potions
 m - 3 potions of brilliance
 n - 2 potions of agility
 o - 5 potions of curing
 q - 2 potions of mutation {unknown}
 t - 3 potions of flight
 A - a potion of might
 D - 2 potions of resistance {unknown}
 F - 2 potions of haste
 H - a potion of berserk rage {unknown}
Miscellaneous
 M - a lightning rod (2/4)
 N - a fan of gales
Comestibles
 c - 8 rations


   Skills:
 - Level 9.0(8.3) Fighting
 - Level 3.1(2.6) Armour
 - Level 7.0(6.4) Dodging
 - Level 4.4(3.9) Stealth
 - Level 6.0(5.4) Shields
 - Level 19.0(18.2) Spellcasting
 - Level 15.0(14.2) Conjurations
 * Level 6.5(5.9) Hexes
 - Level 5.0(4.4) Necromancy
 - Level 7.1(6.5) Evocations


You had 30 spell levels left.
You knew the following spells:

 Your Spells              Type           Power        Failure   Level  Hunger
a - Magic Dart            Conj           ####         0%          1    None
b - Searing Ray           Conj           ######       0%          2    None
c - Dazzling Spray        Conj/Hex       ######       1%          3    None
d - Iskenderun's Mystic   Conj           #######.     1%          4    None
e - Force Lance           Conj/Tloc      ######..     1%          4    None
f - Fulminant Prism       Conj/Hex       ######....   1%          4    None
g - Regeneration          Chrm/Necr      #####.....   1%          3    None

Your spell library contained the following spells:

 Spells                   Type           Power        Failure   Level  Hunger
 Lightning Bolt           Conj/Air       ######....   1%          5    None
 Animate Skeleton         Necr           N/A          1%          1    None
 Beastly Appendage        Tmut           ###...       1%          1    None
 Pain                     Necr           ####         1%          1    None
 Sticks to Snakes         Tmut           ###.....     1%          2    None
 Vampiric Draining        Necr           #####.....   1%          3    None
 Animate Dead             Necr           N/A          1%          4    None
 Spider Form              Tmut/Pois      ###.......   2%          3    None
 Ice Form                 Ice/Tmut       ###.....     9%          4    None
 Blade Hands              Tmut           ###.......   22%         5    None
 Malign Gateway           Summ/Tloc      ###.......   99%         7    #####..
 Monstrous Menagerie      Summ           ###.......   99%         7    #####..
 Summon Greater Demon     Summ           ###.......   99%         7    #####..
 Summon Horrible Things   Summ           ###.......   100%        8    ######.


Dungeon Overview and Level Annotations

Branches:
Dungeon (12/15)            Temple (1/1) D:6            Lair (6/6) D:9
  Swamp (0/4) Lair:2        Snake (0/4) Lair:4        Slime (0/5) Lair:6
    Orc (2/2) D:10
    Elf: Orc:2

Altars:
Ashenzari
Cheibriados
Dithmenos
Elyvilon
Fedhas
Gozag
Hepliaklqana
Kikubaaqudgha
Makhleb
Nemelex Xobeh
Okawaru
Qazlal
Ru
Sif Muna
Trog
Uskayaw
Vehumet
Wu Jian
Xom
Yredelemnul
Zin
The Shining One

Shops:
D:7 *   Orc:1 [

Annotations:
D:12 1 runed door
Orc:2 Josephine


Innate Abilities, Weirdness & Mutations

You are frail. (-10% HP)


Message History

Aiming: Iskenderun's Mystic Blast (safe; 1% risk of failure)
Press: ? - help, Shift-Dir - straight line, f/p - orc sorcerer
Aim: an orc sorcerer, wielding a dagger and wearing an embroidered robe (moderately wounded)
The orb of energy hits the orc sorcerer.
The orc sorcerer is moderately wounded.
The orc knight roars a battlecry!
The orcs go into a battle-frenzy!
Casting: Iskenderun's Mystic Blast (safe; 1% risk of failure)
Confirm with . or Enter, or press ? or * to list all spells.
You don't have enough magic to cast that spell.
Unknown command.
Unknown command.
The orc warrior throws a tomahawk.
The tomahawk hits you!!
You see here a tomahawk.
The orc sorcerer points at you and mumbles some strange words.
The bolt of fire hits you!
* * * LOW HITPOINT WARNING * * *
The orc sorcerer points at you and mumbles some strange words.
The bolt of negative energy hits you!
You feel drained.
You die...

############ ## ##
...#..#.##.##.##.#
..................
..................
..................
..............))..
.......^.......#..
.......@.((.......
..................
...............$#.
............o).)..
...............o..
P.............o.#)
.................P
..................


You could see an orc knight and an orc sorcerer.

Vanquished Creatures
  Rupert (Lair:5)
  Gastronok (Lair:3)
  Kirke (Lair:5)
  2 entropy weavers (Lair:4)
  A stone giant (Orc:1)
  Snorg (D:12)
  Erolcha (Orc:1)
  3 catoblepae
  5 hydras
  A merfolk avatar (Lair:6)
  Erica (D:9)
  A two-headed ogre (D:11)
  A queen ant (Lair:4)
  Sonja (D:11)
  3 harpies (Lair:6)
  An orc sorcerer (Orc:2)
  2 ugly things
  3 oklob plants
  Maurice (D:10)
  14 elephants
  Joseph (D:7)
  A torpor snail (Lair:5)
  10 black mambas
  A centaur skeleton (D:11)
  A gargoyle (D:9)
  11 komodo dragons
  13 spiny frogs
  6 rime drakes
  2 trolls
  7 polar bears
  2 tyrant leeches (Lair:2)
  3 hornets (D:8)
  23 blink frogs
  6 hippogriffs
  4 dream sheep (Lair:5)
  4 hogs (Lair:5)
  A wraith (Orc:1)
  31 yaks
  4 wyverns
  2 basilisks
  A hungry ghost (D:7)
  14 water moccasins
  2 wargs (Orc:2)
  An acid dragon (D:11)
  26 soldier ants
  Purgy (Sewer)
  14 porcupines
  Duvessa (D:7)
  11 orc warriors
  A sky beast (D:7)
  An ice beast (D:5)
  2 phantoms
  An eye of draining (D:10)
  2 centaurs
  10 wolves
  10 ogres
  A necrophage (D:11)
  15 crocodiles
  12 bullfrogs
  A big kobold (D:8)
  Dowan (D:7)
  A scorpion (D:11)
  A wyvern skeleton (D:12)
  14 killer bees
  8 wights (D:10)
  An electric eel (Lair:6)
  9 crimson imps
  2 centaur zombies (D:5)
  6 bullfrog zombies
  2 quasits (D:11)
  9 hounds
  2 bullfrog skeletons
  3 jellies
  Crazy Yiuf (D:2)
  5 orc priests
  11 orc wizards
  Jessica (D:3)
  2 iguanas
  Natasha (thrice) (D:2)
  24 worker ants
  A hound skeleton (D:9)
  A hound zombie (D:10)
  A howler monkey zombie (D:11)
  Robin (D:3)
  3 howler monkey skeletons
  5 worker ant zombies (D:5)
  4 gnolls (D:10)
  8 adders
  2 shadow imps (D:8)
  6 oozes
  An adder skeleton (D:8)
  2 adder zombies
  2 worms
  6 leopard geckos
  44 orcs
  9 giant cockroaches
  10 goblins
  10 hobgoblins
  13 jackals
  6 quokkas
  12 bats
  4 frilled lizards
  A jackal zombie (D:6)
  5 kobolds
  2 leopard gecko zombies
  4 quokka skeletons
  11 rats
  A fulminant prism (Orc:2)
  5 plants
591 creatures vanquished.

Vanquished Creatures (others)
  A spiny frog (Lair:6)
  53 fulminant prisms
  20 fungi
  26 plants
100 creatures vanquished.

Grand Total: 691 creatures vanquished

Notes
Turn   | Place    | Note
-------+----------+-------------------------------------------
     0 | D:1      | poirepourri the Deep Elf Conjurer began the quest for the Orb.
     0 | D:1      | Reached XP level 1. HP: 10/10 MP: 6/6
    96 | D:1      | Reached skill level 4 in Spellcasting
    96 | D:1      | Reached XP level 2. HP: 10/15 MP: 0/9
   179 | D:1      | Learned a level 2 spell: Searing Ray
   616 | D:2      | Found a runed door.
   665 | D:2      | Reached XP level 3. HP: 19/19 MP: 1/11
   745 | D:2      | Learned a level 3 spell: Dazzling Spray
   849 | D:2      | Reached skill level 5 in Spellcasting
  1232 | D:2      | Noticed Natasha
  1238 | D:2      | Killed Natasha
  1674 | D:2      | Noticed Natasha
  1679 | D:2      | Killed Natasha
  1679 | D:2      | Reached skill level 6 in Spellcasting
  1679 | D:2      | Reached XP level 4. HP: 22/24 MP: 8/14
  1730 | D:2      | Noticed Crazy Yiuf
  1736 | D:2      | Killed Crazy Yiuf
  1855 | D:3      | Reached skill level 7 in Spellcasting
  2097 | D:3      | Reached XP level 5. HP: 28/28 MP: 9/16
  2298 | D:3      | Noticed Jessica
  2307 | D:3      | Killed Jessica
  2307 | D:3      | Reached skill level 5 in Conjurations
  2338 | D:2      | Noticed Natasha
  2351 | D:2      | Killed Natasha
  2501 | D:3      | Learned a level 4 spell: Iskenderun's Mystic Blast
  2506 | D:3      | Learned a level 4 spell: Force Lance
  2511 | D:3      | Learned a level 4 spell: Fulminant Prism
  2615 | D:3      | Reached XP level 6. HP: 32/32 MP: 13/18
  2743 | D:3      | Noticed Robin
  2746 | D:3      | Killed Robin
  3263 | D:3      | Found a basalt altar of Yredelemnul.
  3282 | D:3      | Found an ancient bone altar of Kikubaaqudgha.
  3289 | D:3      | Found a stormy altar of Qazlal.
  3291 | D:3      | Found a deep blue altar of Sif Muna.
  3293 | D:3      | Found a hide-covered altar of Uskayaw.
  3293 | D:3      | Found a hazy altar of Hepliaklqana.
  3293 | D:3      | Found a bloodstained altar of Trog.
  3294 | D:3      | Found a burning altar of Makhleb.
  3295 | D:3      | Found a shadowy altar of Dithmenos.
  3296 | D:3      | Found a blossoming altar of Fedhas.
  3297 | D:3      | Found a sparkling altar of Nemelex Xobeh.
  3298 | D:3      | Found an iron altar of Okawaru.
  3432 | D:4      | Found a glowing drain.
  3445 | Sewer    | Entered a sewer
  3680 | Sewer    | Noticed Purgy
  3689 | Sewer    | Killed Purgy
  3988 | D:4      | Reached XP level 7. HP: 36/36 MP: 8/20
  4143 | D:4      | Reached skill level 8 in Spellcasting
  4449 | D:4      | Found an iron altar of Okawaru.
  4473 | D:5      | Entered Level 5 of the Dungeon
  4491 | D:5      | Reached skill level 9 in Spellcasting
  4918 | D:5      | Reached skill level 10 in Spellcasting
  4920 | D:5      | Reached XP level 8. HP: 41/41 MP: 1/24
  5310 | D:5      | Reached skill level 11 in Spellcasting
  6149 | D:6      | Reached skill level 17 in Spellcasting
  6149 | D:6      | Reached XP level 9. HP: 45/45 MP: 25/32
  6220 | D:6      | Reached skill level 18 in Spellcasting
  6484 | D:6      | Found a staircase to the Ecumenical Temple.
  6725 | Temple   | Entered the Ecumenical Temple
  6772 | Temple   | Became a worshipper of Vehumet
  7426 | D:7      | Noticed Duvessa
  7426 | D:7      | Noticed Dowan
  7431 | D:7      | Killed Duvessa
  7440 | D:7      | Killed Dowan
  7706 | D:7      | Got a faintly glowing spear
  7707 | D:7      | Identified the +7 spear of the Other Side {pain, *Contam rC++} (You found it on level 7 of the Dungeon)
  7718 | D:7      | Gained mutation: You are frail. (-10% HP) [mutagenic glow]
  7977 | D:7      | Noticed Joseph
  7985 | D:7      | Killed Joseph
  7985 | D:7      | Reached XP level 10. HP: 45/45 MP: 2/34
  8457 | D:7      | Found Mozacow's Merry Market.
  8470 | D:7      | Bought a potion of magic for 112 gold pieces
  8470 | D:7      | Bought an uncursed ring of magical power for 280 gold pieces
  8960 | D:8      | Reached * piety under Vehumet
  8960 | D:8      | Offered knowledge of Shock by Vehumet.
  9784 | D:8      | Paralysed by a hornet for 2 turns
  9986 | D:8      | Reached skill level 10 in Conjurations
 10739 | D:9      | Noticed a gargoyle
 10746 | D:9      | Killed a gargoyle
 10942 | D:9      | Reached ** piety under Vehumet
 10942 | D:9      | Offered knowledge of Sting by Vehumet.
 10947 | D:9      | Learned a level 1 spell: Sting
 11346 | D:9      | Found a staircase to the Lair.
 11733 | D:9      | Noticed Erica
 11743 | D:9      | Killed Erica
 11803 | D:10     | Entered Level 10 of the Dungeon
 11803 | D:10     | Noticed Sonja
 11980 | Lair:1   | Entered Level 1 of the Lair of Beasts
 11988 | D:9      | Reached XP level 11. HP: 48/48 MP: 27/35
 12183 | D:10     | Found a staircase to the Orcish Mines.
 12545 | D:10     | Noticed Maurice
 12550 | D:10     | Killed Maurice
 12550 | D:10     | Offered knowledge of Ignite Poison by Vehumet.
 14678 | D:11     | Killed Sonja
 14782 | D:11     | Reached *** piety under Vehumet
 15108 | D:11     | Noticed a purple ugly thing
 15113 | D:11     | Killed a purple ugly thing
 15113 | D:11     | Offered knowledge of Static Discharge by Vehumet.
 15668 | D:11     | Noticed a four-headed hydra
 15675 | D:11     | Killed a four-headed hydra
 16316 | D:11     | Noticed a two-headed ogre
 16320 | D:11     | Killed a two-headed ogre
 16830 | D:12     | Noticed Snorg
 16836 | D:12     | Killed Snorg
 16836 | D:12     | Reached skill level 15 in Conjurations
 16836 | D:12     | Reached XP level 12. HP: 53/53 MP: 21/36
 16933 | D:12     | Reached **** piety under Vehumet
 17109 | D:12     | Reached skill level 1 in Fighting
 17129 | D:12     | Offered knowledge of Bolt of Magma by Vehumet.
 17228 | D:12     | Found a runed door.
 18716 | Lair:2   | Reached skill level 5 in Fighting
 18841 | Lair:2   | Noticed a catoblepas
 18855 | Lair:2   | Killed a catoblepas
 19069 | Lair:2   | Found a staircase to the Swamp.
 19466 | Lair:2   | Noticed a catoblepas
 19490 | Lair:2   | Killed a catoblepas
 20979 | Lair:3   | Noticed Gastronok
 20995 | Lair:3   | Killed Gastronok
 21343 | Lair:3   | Noticed an eight-headed hydra
 21789 | Lair:3   | Killed an eight-headed hydra
 21789 | Lair:3   | Reached XP level 13. HP: 52/71 MP: 27/37
 24188 | Lair:4   | Reached skill level 5 in Dodging
 24636 | Lair:4   | Reached ***** piety under Vehumet
 24696 | Lair:4   | Offered knowledge of Yara's Violent Unravelling by Vehumet.
 24887 | Lair:4   | Reached skill level 1 in Shields
 25007 | Lair:4   | Noticed an entropy weaver
 25020 | Lair:4   | Killed an entropy weaver
 25260 | Lair:4   | Noticed an entropy weaver
 25722 | Lair:4   | Found a staircase to the Snake Pit.
 25928 | Lair:4   | Killed an entropy weaver
 26020 | Lair:4   | Reached skill level 5 in Shields
 27513 | Lair:4   | Reached skill level 1 in Armour
 27649 | Lair:5   | Noticed Rupert
 27665 | Lair:5   | Killed Rupert
 27674 | Lair:5   | Learned a level 3 spell: Regeneration
 27769 | Lair:5   | Reached XP level 14. HP: 77/77 MP: 9/38
 28511 | Lair:5   | Noticed Kirke
 28774 | Lair:5   | Reached skill level 19 in Spellcasting
 28788 | Lair:5   | Reached skill level 1 in Evocations
 29603 | Lair:6   | Entered Level 6 of the Lair of Beasts
 29823 | Lair:5   | Killed Kirke
 30052 | Lair:5   | Reached skill level 5 in Evocations
 30054 | Lair:5   | Offered knowledge of Lightning Bolt by Vehumet.
 31229 | Lair:6   | Reached skill level 1 in Necromancy
 31766 | Lair:6   | Reached skill level 5 in Necromancy
 31773 | Lair:6   | Reached skill level 1 in Hexes
 32193 | Lair:6   | Found a staircase to the Slime Pits.
 32428 | Lair:6   | Reached skill level 5 in Hexes
 33024 | Orc:1    | Entered Level 1 of the Orcish Mines
 33255 | Orc:1    | Found Diphia's Antique Armour Emporium.
 33268 | Orc:1    | Noticed Erolcha
 33272 | Orc:1    | Killed Erolcha
 33329 | Orc:1    | Bought an embroidered robe for 88 gold pieces
 33329 | Orc:1    | Bought a pair of runed gloves for 180 gold pieces
 33329 | Orc:1    | Bought a glowing scarf for 192 gold pieces
 33419 | Orc:1    | Noticed a stone giant
 33425 | Orc:1    | Killed a stone giant
 33797 | Orc:2    | Entered Level 2 of the Orcish Mines
 33836 | Orc:2    | Noticed Josephine
 33984 | Orc:2    | Noticed a stone giant
 34426 | Orc:2    | Killed from afar by an orc sorcerer

Skill      XL: |  1  2  3  4  5  6  7  8  9 10 11 12 13 14 |
---------------+-------------------------------------------+-----
Spellcasting   | 4 6 7 10 17 18 19 | 19.0
Conjurations   | 5 7 8 11 15 | 15.0
Fighting       | 8 9 |  9.0
Dodging        | 7 |  7.0
Shields        | 6 |  6.0
Armour         | 3 |  3.1
Evocations     | 7 |  7.1
Necromancy     | 5 |  5.0
Hexes          | 6 |  6.5
Stealth        | 4 |  4.4

Action                   |  1- 3 |  4- 6 |  7- 9 | 10-12 | 13-15 || total
-------------------------+-------+-------+-------+-------+-------++-------
Melee: Short sword       |       |     6 |     5 |       |     8 ||    19
Throw: Throwing net      |       |       |       |       |     1 ||     1
 Cast: Magic Dart        |    60 |    65 |    36 |   106 |    17 ||   284
       Searing Ray       |     5 |    19 |    43 |    22 |     9 ||    98
       Dazzling Spray    |       |     5 |    12 |    17 |     9 ||    43
       Iskenderun's Myst |       |     3 |    45 |   217 |   438 ||   703
       Force Lance       |       |       |       |   112 |   106 ||   218
       Sting             |       |       |       |     7 |       ||     7
       Fulminant Prism   |       |       |       |    32 |    24 ||    56
Evoke: Wand              |       |       |       |     3 |    15 ||    18
       Lightning rod     |       |       |       |       |    10 ||    10
       Fan of gales      |       |       |       |       |     1 ||     1
  Use: Scroll            |     4 |     3 |     8 |    16 |    15 ||    46
       Potion            |       |     1 |     4 |     5 |     8 ||    18
  Eat: Ration            |     1 |     2 |     4 |    13 |     9 ||    29
       Chunk             |       |       |     1 |     3 |     3 ||     7
Armor: Robe              |     6 |     9 |    27 |    51 |    27 ||   120
       Skin              |       |    13 |       |       |       ||    13
Dodge: Dodged            |    10 |    35 |    66 |    82 |   119 ||   312
Block: Buckler           |       |       |       |       |    28 ||    28
